 Dungeon Crawl Stone Soup version 0.31-a0-853-gc9b61b78f7 (webtiles) character file.

Game seed: 15264001621637516622

6708 BinkBink the Cleaver (level 10, -7/94 HPs)
             Began as a Minotaur Monk on Oct 8, 2023.
             Was a Priest of Wu Jian.
             Mangled by an eight-headed hydra (13 damage)
             ... on level 9 of the Dungeon.
             The game lasted 00:09:45 (7210 turns).

BinkBink the Cleaver (Minotaur Monk)                Turns: 7210, Time: 00:09:46

Health: -7/94      AC:  3    Str: 18    XL:     10   Next: 74%
Magic:  9/9        EV: 18    Int:  7    God:    Wu Jian [***...]
Gold:   459        SH:  0    Dex: 19    Spells: 9/9 levels left

rFire   . . .        G - +5 hand axe (freeze)
rCold   . . .        d - orb {light}
rNeg    . . .        y - +1 robe {Will+}
rPois   .            (helmet restricted)
rElec   .            (no cloak)
rCorr   .            (no gloves)
SInv    .            (no boots)
Will    +....        u - amulet of regeneration
Stlth   +            r - ring of Dits {Dex+4 Slay+4}
HPRegen 1.15/turn    (no ring)
MPRegen 0.11/turn

%: no passive effects
@: glowing
A: horns 2, retaliatory headbutt
a: Renounce Religion, Wall Jump, Serpent's Lash


You were on level 9 of the Dungeon.
You worshipped Wu Jian.
Wu Jian was most pleased with you.
You visited 2 branches of the dungeon, and saw 10 of its levels.

You collected 459 gold pieces.

Inventory:

Hand Weapons
 G - a +5 hand axe of freezing (weapon)
Armour
 d - an orb of light (worn)
 y - a +1 robe of willpower (worn)
Jewellery
 a - a ring of flight
 k - an amulet of the acrobat
 r - the ring of Dits (left hand) {Dex+4 Slay+4}
   (You found it on level 3 of the Dungeon)

   [ring of slaying]

   Dex+4:     It affects your dexterity (+4).
   Slay+4:    It affects your accuracy & damage with ranged weapons and melee
   (+4).
 u - an amulet of regeneration (around neck)
 E - a ring of resist corrosion
Wands
 o - a wand of polymorph (12)
 x - a wand of paralysis (20)
Scrolls
 e - 3 scrolls of teleportation {unknown}
 h - 2 scrolls of enchant armour {unknown}
 l - a scroll of enchant weapon {unknown}
 m - a scroll of fog {unknown}
 n - a scroll of blinking {unknown}
 q - 3 scrolls of fear {unknown}
 s - 5 scrolls of identify {unknown}
 t - 2 scrolls of revelation {unknown}
 v - a scroll of brand weapon {unknown}
 w - 3 scrolls of immolation {unknown}
 z - 3 scrolls of noise {unknown}
 A - a scroll of vulnerability {unknown}
 B - 2 scrolls of amnesia {unknown}
 C - a scroll of poison {unknown}
Potions
 b - 2 potions of enlightenment {unknown}
 c - a potion of ambrosia
 f - 3 potions of lignification {unknown}
 g - 6 potions of curing {unknown}
 i - 3 potions of brilliance {unknown}
 j - 2 potions of berserk rage {unknown}
 p - 2 potions of attraction {unknown}
 D - a potion of heal wounds {unknown}
 F - a potion of magic {unknown}


   Skills:
 + Level 10.7 Fighting
 - Level 14.0 Axes
 + Level 9.8 Dodging


You had 9 spell levels left.
You didn't know any spells.
Your spell library contained the following spells:

 Spells                   Type           Power      Damage    Failure   Level
 Freeze                   Ice            0%         1d3       43%         1
 Magic Dart               Conj           0%         1d3       43%         1
 Summon Small Mammal      Summ           0%         N/A       43%         1
 Blink                    Tloc           0%         N/A       56%         2
 Call Imp                 Summ           0%         N/A       56%         2
 Cigotuvi's Dreadful Rot  Necr/Pois/Air  0%         N/A       56%         2
 Lesser Beckoning         Tloc           0%         N/A       56%         2
 Momentum Strike          Conj/Tloc      0%         3d8       56%         2
 Call Canine Familiar     Summ           0%         N/A       80%         3
 Frozen Ramparts          Ice            0%         1d1       80%         3
 Hailstorm                Conj/Ice       0%         3d3       80%         3
 Mephitic Cloud           Conj/Pois/Air  0%         N/A       80%         3
 Summon Guardian Golem    Hex/Summ       0%         N/A       80%         3
 Dispel Undead            Necr           0%         3d6       99%         4
 Fulminant Prism          Conj/Hex       0%         3d5       99%         4
 Petrify                  Tmut/Erth      0%         N/A       99%         4
 Metabolic Englaciation   Hex/Ice        0%         N/A       100%        5
 Summon Mana Viper        Hex/Summ       0%         N/A       100%        5
 Death Channel            Necr           0%         N/A       100%        6
 Discord                  Hex            0%         N/A       100%        8


Dungeon Overview and Level Annotations

Branches:
Dungeon (9/15)             Temple (1/1) D:6
   Lair: D:8-11         Orc: D:9-12

Altars:
Cheibriados
Dithmenos
Elyvilon
Fedhas
Gozag
Hepliaklqana
Kikubaaqudgha
Makhleb
Okawaru
Ru
Sif Muna
Trog
Uskayaw
Vehumet
Wu Jian
Xom
Yredelemnul
Zin
The Shining One

Shops:
D:8 [   D:9 ?**

Annotations:
D:5 3 runed translucent doors, Opifex's ghost, novice DjAE


Innate Abilities, Weirdness & Mutations

You have a pair of horns on your head.
You reflexively headbutt those who attack you in melee.


Message History

The three-headed hydra is lightly wounded.
The three-headed hydra closely misses you.
The three-headed hydra completely misses you.
The three-headed hydra barely misses you.
You slice one of the three-headed hydra's heads off!
The two-headed hydra grows two more!
You hit the four-headed hydra. You freeze the four-headed hydra.
You headbutt the four-headed hydra!
The four-headed hydra is moderately wounded.
The four-headed hydra is no longer moving slowly.
Unknown command.
You slice one of the four-headed hydra's heads off!
The three-headed hydra grows two more!
You slash the five-headed hydra! You freeze the five-headed hydra.
You headbutt the five-headed hydra.
The five-headed hydra is moderately wounded.
You chop one of the five-headed hydra's heads off!
The four-headed hydra grows two more!
You slash the six-headed hydra!
The six-headed hydra seems to slow down.
You freeze the six-headed hydra. You headbutt the six-headed hydra!
The six-headed hydra is moderately wounded.
The six-headed hydra bites you!
The six-headed hydra completely misses you.
The six-headed hydra bites you! x2; The six-headed hydra bites you.
The six-headed hydra barely misses you.
You slice one of the six-headed hydra's heads off!
The five-headed hydra grows two more!
You slash the seven-headed hydra! You freeze the seven-headed hydra.
The seven-headed hydra is moderately wounded.
You lop one of the seven-headed hydra's heads off!
The six-headed hydra grows two more!
You slash the eight-headed hydra!
The eight-headed hydra seems to slow down.
You freeze the eight-headed hydra.
The eight-headed hydra is moderately wounded.
The eight-headed hydra bites you. x2; The eight-headed hydra bites you!
The eight-headed hydra closely misses you.
The eight-headed hydra bites you. The eight-headed hydra bites you!
* * * LOW HITPOINT WARNING * * *
The eight-headed hydra bites you!
* * * LOW HITPOINT WARNING * * *
The eight-headed hydra bites you!
You die...

############## .............#
........####.#####
........#..~..~PP#
........#.♣.♣..~P#
........#..♣..P)~#
........#.♣†♣)~~P# ♣♣♣♣♣♣♣♣♣
........#.....P~.# ♣.......♣
...####.##'''###@#######♣.8.⌠.8.♣
...####.#.....#)D#...............
...#....#.....+..##≈≈≈≈≈≈≈≈≈≈≈≈≈≈
...#..<.###########≈≈≈≈≈≈≈≈≈≈≈≈≈≈
...#..........# #..............
...##...##...#######...#♣.∩.∩.∩.♣
...##...##...##...##.>.#♣.......♣
..................#....#♣♣♣♣♣♣♣♣♣
..................'....##########


You could see an eight-headed hydra (slow).

Vanquished Creatures
  4 two-headed ogres
  A troll (D:9)
  2 dream sheep (D:9)
  A wraith (D:9)
  2 steam dragons
  Duvessa (D:6)
  2 water moccasins (D:6)
  Pargi (D:3)
  A sky beast (D:7)
  An orc warrior (D:6)
  An ice beast (D:6)
  2 black bears
  An ogre (D:4)
  3 centaurs
  4 kobold brigands
  2 bullfrogs (D:8)
  A scorpion (D:6)
  Dowan (D:6)
  7 wights
  12 killer bees
  A jelly (D:6)
  An electric eel (D:9)
  4 howler monkeys
  3 hounds
  An orc priest (D:3)
  3 sleepcaps
  Terence (D:3)
  4 orc wizards
  Robin (D:3)
  3 gnolls (D:6)
  9 adders
  2 shadow imps
  2 white imps
  An ufetubus (D:4)
  A dart slug (D:2)
  28 orcs
  9 ball pythons
  3 endoplasms
  2 giant cockroaches
  15 goblins
  10 hobgoblins
  4 quokkas
  7 bats
  2 frilled lizards (D:3)
  14 kobolds
  3 rats
184 creatures vanquished.

Notes
Turn   | Place    | Note
-------+----------+-------------------------------------------
     0 | D:1      | BinkBink the Minotaur Monk began the quest for the Orb.
     0 | D:1      | Reached XP level 1. HP: 19/19 MP: 0/0
    57 | D:1      | Reached skill level 4 in Axes
    61 | D:1      | Reached XP level 2. HP: 17/27 MP: 1/1
   777 | D:2      | Reached XP level 3. HP: 33/33 MP: 2/2
   860 | D:2      | Found a burning altar of Makhleb.
  1479 | D:3      | Noticed Terence
  1488 | D:3      | Killed Terence
  1579 | D:3      | Reached XP level 4. HP: 21/40 MP: 3/3
  1696 | D:3      | Reached skill level 5 in Axes
  1736 | D:3      | Identified the ring of Dits {Dex+4 Slay+4}
  1854 | D:3      | Reached XP level 5. HP: 11/47 MP: 4/4
  2027 | D:3      | Noticed Pargi
  2033 | D:3      | Killed Pargi
  2034 | D:3      | Reached skill level 5 in Fighting
  2034 | D:3      | Reached skill level 6 in Axes
  2317 | D:3      | Noticed Robin
  2322 | D:3      | Reached XP level 6. HP: 50/56 MP: 5/5
  2326 | D:3      | Killed Robin
  2970 | D:4      | Reached skill level 5 in Dodging
  3321 | D:5      | Entered Level 5 of the Dungeon
  3358 | D:5      | Found a runed translucent gate.
  3358 | D:5      | Noticed Opifex's ghost (novice DjAE)
  3359 | D:5      | Found a runed translucent gate.
  3360 | D:5      | Found a runed translucent gate.
  3361 | D:5      | Identified the +3 leather armour of the Evening {rF+ rC+
                  | SInv}
  3421 | D:5      | Reached skill level 7 in Axes
  3442 | D:5      | Reached XP level 7. HP: 47/62 MP: 6/6
  3486 | D:5      | Found a radiant altar of Vehumet.
  3942 | D:6      | Got a loosely-bound book
  3988 | D:6      | Reached skill level 8 in Axes
  4148 | D:6      | Found a staircase to the Ecumenical Temple.
  4157 | D:6      | Noticed Duvessa
  4157 | D:6      | Noticed Dowan
  4164 | Temple   | Entered the Ecumenical Temple
  4212 | Temple   | Became a worshipper of the Wu Jian Council
  4212 | Temple   | Reached * piety under Wu Jian
  4212 | Temple   | Reached ** piety under Wu Jian
  4238 | D:6      | Killed Duvessa
  4239 | D:6      | Reached XP level 8. HP: 55/71 MP: 7/7
  4244 | D:6      | Killed Dowan
  4314 | D:6      | Reached skill level 9 in Axes
  4810 | D:6      | Reached skill level 10 in Axes
  5557 | D:7      | Reached XP level 9. HP: 75/81 MP: 8/8
  5813 | D:8      | Found Igaylenu's Armour Shop.
  5814 | D:8      | Noticed a two-headed ogre
  5826 | D:8      | Killed a two-headed ogre
  5827 | D:8      | Reached skill level 11 in Axes
  5841 | D:8      | Reached *** piety under Wu Jian
  5859 | D:8      | Identified the +0 barding "Tucae" {rF++ Will+ rCorr Dex-2}
  5870 | D:8      | Noticed a two-headed ogre
  5953 | D:8      | Killed a two-headed ogre
  5954 | D:8      | Reached skill level 12 in Axes
  6158 | D:8      | Reached XP level 10. HP: 91/91 MP: 9/9
  6540 | D:9      | Noticed a two-headed ogre
  6549 | D:9      | Killed a two-headed ogre
  6550 | D:9      | Reached skill level 13 in Axes
  6786 | D:9      | Identified the +7 flail of the Apocalypse {heavy, rF++
                  | Will- Int+3 Dex+3}
  6787 | D:9      | Identified the +3 trident "Irejoy" {spect, *Slow Will++
                  | rCorr Stlth+}
  6887 | D:9      | Reached skill level 10 in Fighting
  6927 | D:9      | Found Mojokaxi's General Store.
  6927 | D:9      | Found Eggaam's General Store.
  6927 | D:9      | Found Icvir's Magic Scroll Shoppe.
  7098 | D:9      | Noticed a two-headed ogre
  7102 | D:9      | Killed a two-headed ogre
  7121 | D:9      | Found a snail-covered altar of Cheibriados.
  7124 | D:9      | Found an iron altar of Okawaru.
  7127 | D:9      | Found a bloodstained altar of Trog.
  7130 | D:9      | Found an opulent altar of Gozag.
  7189 | D:9      | Reached skill level 14 in Axes
  7202 | D:9      | Noticed a two-headed hydra
  7210 | D:9      | Mangled by an eight-headed hydra

Illustrated notes

Levels and vault maps discovered:
D:1:      dpeg_arrival_rooms_a, layout_loops_cross, patterned_corridor
D:2:      layout_basic, basic_altar, minmay_misc_feat_pillars,
          kennysheep_nondescript, minmay_tetromino_l4
D:3:      layout_basic, uniq_robin, uniq_terence, uniq_pargi
D:4:      layout_basic, serial_demonic, serial_demonic_d, serial_demonic_b,
          serial_demonic_c, serial_demonic_c
D:5:      layout_rooms, mainiacjoe_overflow_brackets,
          biasface_ghost_orc_armoury, hangedman_abyss_or_decor_lesser_grid,
          nicolae_the_louvre
D:6:      layout_basic, minmay_temple_entry_gardened_gates, uniq_duvessa
D:7:      layout_loops_corners
D:8:      layout_basic, serial_shops, shop, eino_jars
D:9:      wad_pebble_path, layout_gridville, grunt_temple_overflow_cloverleaf,
          ashenzari_conservatory_becter, minivault_22, nicolae_wooded_promenade,
          hangedman_ranch
Temple:   compressed_dpeg_circular_temple

Skill      XL: |  1  2  3  4  5  6  7  8  9 10 |
---------------+-------------------------------+-----
Axes           | 4 5 6 7 8 10 12 14 | 14.0
Fighting       | 4 5 6 7 9 10 | 10.7
Dodging        | 4 5 6 7 8 9 |  9.8

Action                     |  1- 3 |  4- 6 |  7- 9 | 10-12 || total
---------------------------+-------+-------+-------+-------++-------
  Melee: Hand axe          |    62 |    85 |   167 |    61 ||   375
         Headbutt          |    17 |    19 |    43 |    18 ||    97
 Invoke: Serpent's Lash    |       |       |     1 |       ||     1
Ability: Whirlwind         |       |       |     2 |       ||     2
         Lunge             |       |       |     9 |    14 ||    23
 Armour: Robe              |    32 |    48 |    81 |    33 ||   194
  Dodge: Dodged            |    52 |    69 |    92 |    36 ||   249

Table legend: (Time is in decaauts)
 A = Elapsed time spent in this place.
 B = Non-inter-level travel time spent in this place.
 C = Inter-level travel time spent in this place.
 D = Time resting spent in this place.
 E = Time spent auto-exploring this place.
 F = Levels seen in this place.
 G = Mean time per level.
                   A        B        C        D        E       F      G
               +--------+--------+--------+--------+--------+-----+--------+
         Total |   7171 |   6906 |    265 |     59 |   5844 |  10 |  717.1 |
       Dungeon |   7109 |   6892 |    217 |     59 |   5834 |   9 |  789.9 |
        Temple |     61 |     13 |     48 |      0 |     10 |   1 |   61.0 |
               +--------+--------+--------+--------+--------+-----+--------+

Top non-repeatable levels by time:
     D:3: 1272 daAuts
     D:6: 943 daAuts
     D:7: 863 daAuts
     D:1: 742 daAuts
     D:2: 708 daAuts
     D:8: 705 daAuts
     D:9: 654 daAuts
     D:5: 615 daAuts
     D:4: 604 daAuts
  Temple: 61 daAuts
